 Dungeon Crawl Stone Soup version 0.28.0-47-ge53b351184 (webtiles) character file.

Game seed: 6936989239025717361

7 pkoi the Insei (level 1, -1/17 HPs)
             Began as a Demigod Gladiator on Apr 27, 2022.
             Slain by a kobold
             ... wielding a +0 short sword of protection
              (2 damage)
             ... on level 1 of the Dungeon.
             The game lasted 00:00:47 (393 turns).

pkoi the Insei (Demigod Gladiator)                   Turns: 393, Time: 00:00:47

Health: -1/17      AC:  4    Str: 15    XL:     1   Next: 66%
Magic:  3/3        EV: 12    Int: 10    God:
Gold:   0          SH:  0    Dex: 15    Spells: 0/0 levels left

rFire   . . .      SeeInvis .     - Unarmed
rCold   . . .      Faith    .   (no shield)
rNeg    . . .      Spirit   .   a - +0 leather armour
rPois   .          Reflect  .   b - +0 helmet
rElec   .          Harm     .   (no cloak)
rCorr   .          Rampage  .   (no gloves)
Will    .....                   (no boots)
Stlth   +.........              (no amulet)
HPRegen 0.05/turn               (no ring)
MPRegen 0.08/turn               (no ring)

@: no status effects
A: high MP 1, forlorn, divine attributes
a: no special abilities


You were on level 1 of the Dungeon.
You visited 1 branch of the dungeon, and saw 1 of its levels.

Inventory:

Missiles
 c - 2 throwing nets (quivered)
Armour
 a - a +0 leather armour (worn)
 b - a +0 helmet (worn)


   Skills:
 - Level 1.7 Fighting
 - Level 1.7 Throwing
 - Level 2.6 Dodging
 * Level 3.1 Unarmed Combat


You couldn't memorise any spells.
You didn't know any spells.
Your spell library was empty.

Dungeon Overview and Level Annotations

Branches:
Dungeon (1/15)


Innate Abilities, Weirdness & Mutations

You have an increased reservoir of magic. (+10% MP)
You shall have no god before yourself.
Your divine heritage dramatically boosts your attributes as you level up.


Message History

You hit the hobgoblin.
You kill the hobgoblin!
Press: ? - help, v - describe, . - travel
Here: a kobold, wielding a +0 short sword of protection The floor.
Unknown command.
You aren't carrying any scrolls.
You aren't carrying any potions.
The kobold barely misses you.
You hit the kobold but do no damage. The kobold misses you.
You closely miss the kobold. The kobold hits you but does no damage.
You closely miss the kobold. The kobold hits you but does no damage.
You hit the kobold but do no damage.
The kobold hits you with a +0 short sword of protection.
* * * LOW HITPOINT WARNING * * *
You hit the kobold but do no damage. The kobold hits you but does no damage.
You completely miss the kobold.
The kobold hits you with a +0 short sword of protection.
* * * LOW HITPOINT WARNING * * *
You hit the kobold but do no damage. The kobold misses you.
You aren't carrying any items that you can evoke.
You aren't carrying any potions.
Unknown command.
Throw: 3 throwing nets
Press: ? - help, Q - select action Shift-Dir - straight line, f - kobold
Aim: a kobold, wielding a +0 short sword of protection (50% to hit)
You throw a throwing net. The throwing net hits the kobold.
The kobold is caught in the net!
Unknown command.
You barely miss the kobold.
The kobold struggles against the net.
You barely miss the kobold.
The kobold struggles against the net.
You hit the kobold but do no damage.
The kobold struggles against the net.
You strike the helpless kobold from behind!
You hit the kobold but do no damage.
The kobold struggles against the net.
You catch the helpless kobold completely off-guard!
You hit the kobold but do no damage.
The kobold struggles against the net.
The net rips apart, and the kobold comes free!
You closely miss the kobold.
The kobold hits you with a +0 short sword of protection.
You die...

##............>.)......##.####
#<#.##..###..#................
######### ###.............#
#.########..### #.# #..#
#.########..#####
#.#.............#
#K#.............#
#@#.............#
#.#.............#
#...............#
#...............#
#.###.######..### #.# #.# #.#
... #.# .# ##.# #.# #.# ..#


You could see a kobold.

Vanquished Creatures
  A ball python (D:1)
  An endoplasm (D:1)
  A hobgoblin (D:1)
  A kobold (D:1)
  A frilled lizard (D:1)
  A rat (D:1)
6 creatures vanquished.

Notes
Turn   | Place    | Note
-------+----------+-------------------------------------------
     0 | D:1      | pkoi the Demigod Gladiator began the quest for the Orb.
     0 | D:1      | Reached XP level 1. HP: 17/17 MP: 3/3
   251 | D:1      | Reached skill level 3 in Unarmed Combat
   393 | D:1      | Slain by a kobold

Illustrated notes

Levels and vault maps discovered:
D:1:      minmay_arrival_jagged, layout_basic,
          shapermc_ecumenical_altar_hornbeckon

Skill      XL: |  1 |
---------------+----+-----
Unarmed Combat | 3 |  3.1
Fighting       | |  1.7
Throwing       | |  1.7
Dodging        | |  2.6

Action                   || total
-------------------------++-------
Melee: Unarmed           ||    40
Throw: Throwing net      ||     1
 Stab: Held in net/web   ||     2
Armor: Leather armour    ||    12
Dodge: Dodged            ||    16
